 Dungeon Crawl Stone Soup version 0.31.0-32-g396128a36d (webtiles) character file.

Game seed: 5616970973015251441

75548 James the Imperceptible (level 15, -4/80 HPs)
             Began as a Felid Berserker on Apr 19, 2024.
             Was a High Priest of Trog.
             Shot with an arrow by a centaur warrior (25 damage)
             ... on level 14 of the Dungeon.
             The game lasted 01:27:00 (32295 turns).

James the Imperceptible (Felid Berserker)          Turns: 32295, Time: 01:27:00

Health: -4/80      AC:  3    Str: 23    XL:     15   Next: 10%
Magic:  16/16      EV: 28    Int: 12    God:    Trog [*****.]
Gold:   1809       SH:  5    Dex: 18    Spells: 14/14 levels left
                                        Lives:  0   Deaths: 5

rFire   . .          .
                       - Unarmed
rCold   + . .        (shield unavailable)
rNeg    . . .        (body armour unavailable)
rPois   +            (helmet unavailable)
rElec   .            (cloak unavailable)
rCorr   .            (gloves unavailable)
SInv    +            (boots unavailable)
Will    ++...        t - amulet of reflection
Stlth   ++++++++     L - +6 ring of strength
HPRegen 0.33/turn    O - ring of poison resistance
MPRegen 0.15/turn

%: reflection
@: studying 2 skills
A: very small, claws 1, fangs 3, see invisible, shaggy fur 3, stealthy paws, no
weapons or thrown items, no armour, multi-lived
a: Renounce Religion, Berserk, Trog's Hand, Brothers in Arms


You were on level 14 of the Dungeon.
You worshipped Trog.
Trog was extremely pleased with you.
You visited 4 branches of the dungeon, and saw 22 of its levels.

You collected 2046 gold pieces.
You spent 237 gold pieces at shops.

Inventory:

Jewellery
 e - an amulet of regeneration
   (You took it off Erica on level 8 of the Dungeon)
 i - a ring of protection from fire
   (You took it off a human on level 13 of the Dungeon)
 k - a ring of resist corrosion
   (You found it on level 2 of the Dungeon)
 o - a ring of protection from cold
   (You found it on level 7 of the Dungeon)
 t - an amulet of reflection (around neck)
   (You found it on level 7 of the Dungeon)
 G - a ring of magical power
   (You found it on level 11 of the Dungeon)
 J - a ring of protection from cold
   (You found it on level 2 of the Lair of Beasts)
 K - a ring of willpower
   (You found it on level 3 of the Lair of Beasts)
 L - a +6 ring of strength (left paw)
   (You found it on level 4 of the Lair of Beasts)
 M - an amulet of faith {!P}
   (You found it on level 5 of the Lair of Beasts)
 O - a ring of poison resistance (right paw)
   (You found it on level 5 of the Dungeon)
 P - a +6 ring of dexterity
   (You found it on level 5 of the Lair of Beasts)
Talismans
 a - a flux talisman
   (You found it on level 1 of the Dungeon)
 q - a serpent talisman
   (You found it on level 4 of the Dungeon)
Wands
 d - a wand of iceblast (7)
   (You found it on level 11 of the Dungeon)
 u - a wand of paralysis (8)
   (You found it on level 4 of the Lair of Beasts)
 A - a wand of polymorph (5)
   (You took it off Ijyb on level 5 of the Dungeon)
Scrolls
 f - 3 scrolls of immolation {!r}
 h - 5 scrolls of teleportation {@r4}
 m - 3 scrolls of blinking
 n - a scroll of fog
 p - 2 scrolls of vulnerability {!r}
 s - 3 scrolls of fear
 y - a scroll of butterflies
 H - 2 scrolls of silence
Potions
 b - 7 potions of enlightenment
 c - 2 potions of mutation {!q}
 g - 4 potions of heal wounds {@q2}
 l - 4 potions of lignification {!q}
 r - 2 potions of cancellation
 v - a potion of haste {@q3}
 w - 3 potions of might
 x - 2 potions of resistance
 z - a potion of berserk rage
 B - 10 potions of curing {@q1}
 C - 5 potions of invisibility
 D - a potion of ambrosia
 Q - a potion of magic


   Skills:
 - Level 10.0 Fighting
 - Level 14.3 Dodging
 - Level 22.0 Stealth
 + Level 19.9 Unarmed Combat


You had 14 spell levels left.
You didn't know any spells.
Your spell library was empty.

Dungeon Overview and Level Annotations

Branches:
Dungeon (14/15)            Temple (1/1) D:5            Lair (5/5) D:10
 Spider (0/4) Lair:3        Slime (0/5) Lair:4          Orc (2/2) D:10
    Elf (0/3) Orc:2        Vaults (0/5) D:13
  Swamp: Lair:2-3    Shoals: Lair:2-3

Altars:
Ashenzari
Cheibriados
Dithmenos
Elyvilon
Fedhas
Gozag
Hepliaklqana
Kikubaaqudgha
Makhleb
Nemelex Xobeh
Okawaru
Qazlal
Ru
Sif Muna
Trog
Uskayaw
Vehumet
Wu Jian
Xom
Yredelemnul
Zin
The Shining One

Shops:
D:9 !   D:11 [   Orc:1 ?   Orc:2 !(:?*

Portals:
Trove: D:11 (give 14 potions of curing)

Annotations:
D:8 Gastronok, Psyche
Lair:2 exclusion: 4 electric eels
Lair:5 exclusion: obsidian statue


Innate Abilities, Weirdness & Mutations

You have sharp claws.
You have razor-sharp teeth.
You have supernaturally acute eyesight. (SInv)
Your thick and shaggy fur keeps you warm. (AC +3, rC+)
Your paws help you pounce on unaware monsters.
You are incapable of wielding weapons or throwing items.
You cannot wear armour.
You gain extra lives every three experience levels.


Message History

There is an open door here.
You open the door.
There is an open door here.
Found a potion of cancellation.
r - 2 potions of cancellation (gained 1)
Found a stone staircase leading up.
You open the door.
Found 16 gold pieces.
There is an open door here.
You now have 1796 gold pieces (gained 16).
Found 13 gold pieces.
You now have 1809 gold pieces (gained 13).
You open the door.
Found a robe.
There is an open door here.
A cyclops comes into view.
The helpless cyclops fails to defend itself.
You eviscerate the cyclops!!!!!!
You kill the cyclops!
Trog accepts your kill.
There is an open door here.
You open the door.
Found a stone staircase leading down.
There is an open door here.
Found a scroll labelled CEPPOR GUIRAGIT.
y - a scroll labelled CEPPOR GUIRAGIT
As you read the scroll of identify {@r1}, it crumbles to dust.
y - a scroll of butterflies
There is an open door here.
There is an open door here.
There is an open door here.
There is an open door here.
A centaur warrior simulacrum comes into view.
You mangle the centaur warrior simulacrum!!
Trog accepts your kill.
You hear a shout!
Okay, then.
Unknown command.
A centaur warrior comes into view.
The centaur warrior wields a +0 shortbow.
The centaur warrior shoots an arrow.
The arrow hits you!!
The centaur warrior shoots an arrow.
The arrow hits you!!
* * * LOW HITPOINT WARNING * * *
Okay, then.
Unknown command.
A centaur warrior simulacrum comes into view.
The centaur warrior shoots an arrow.
The arrow hits you!!
* * * LOW HITPOINT WARNING * * *
The centaur warrior shoots an arrow.
The arrow hits you!!
You die...

#........ ....# ..#
#........ .....#
..##.######### ......# #
...#.......... .......#.
..............
........##..............
..Z.........##..........
.....c.....##...........
#@..##............
#######..#.............
#......................
........................
........................
........#####...........
......... #...........
######### #...........
######'#####


You could see a centaur warrior and a centaur warrior simulacrum.

Vanquished Creatures
  An orc warlord (Orc:2)
  3 dire elephants (Lair:5)
  A rakshasa (D:11)
  2 hydras
  Erica (D:8)
  8 two-headed ogres
  2 centaur warriors (D:13)
  3 boulder beetles
  A death yak (Lair:5)
  A tengu warrior (D:12)
  Urug (D:13)
  Nergalle (D:11)
  Sonja (Lair:2)
  2 spectral death yaks (Lair:5)
  A skyshark (Lair:2)
  A spectral anaconda (Lair:5)
  Pikel (D:7)
  A deep elf pyromancer (D:13)
  5 orc knights
  3 necromancers (Lair:5)
  An orc sorcerer (Orc:2)
  2 cyclopes
  2 manticores
  5 black mambas
  15 elephants
  4 kobold blastminers (Orc:2)
  2 dire elephant zombies (Lair:5)
  A torpor snail (Lair:5)
  3 gargoyles
  17 cane toads
  Maggie (D:8)
  3 komodo dragons
  3 kobold demonologists
  An unseen horror (D:11)
  A tengu conjurer (D:12)
  7 polar bears
  6 trolls
  25 blink frogs
  Prince Ribbit (D:8)
  7 dream sheep
  6 slime creatures
  Sigmund (D:4)
  2 centaur simulacra (D:14)
  5 wraiths
  5 wyverns
  2 shadows
  16 humans
  36 yaks
  2 steam dragons (D:8)
  6 basilisks
  7 wargs
  3 vampire mosquitoes (D:12)
  3 death yak simulacra (Lair:5)
  3 spectral cane toads (Lair:5)
  Edmund (D:4)
  An acid dragon (D:11)
  7 water moccasins
  A black bear (Lair:3)
  A sky beast (D:8)
  40 orc warriors
  11 wolves
  2 elephant zombies (Lair:5)
  4 ogres
  2 phantoms (D:5)
  21 centaurs
  A lemure (D:7)
  2 kobold brigands
  8 bullfrogs
  3 scorpions (D:5)
  A cane toad simulacrum (Lair:5)
  4 wights
  3 elephant simulacra (Lair:5)
  4 killer bees
  A howler monkey (D:11)
  2 bombardier beetles (D:6)
  A hound (D:4)
  3 jellies
  15 orc priests
  5 gnoll boudas
  4 iguanas
  Jessica (D:2)
  Ijyb (D:5)
  15 orc wizards
  Robin (D:3)
  6 adders
  19 gnolls
  A shadow imp (D:5)
  2 white imps
  2 ribbon worms
  6 dart slugs
  70 orcs
  5 ball pythons
  8 endoplasms
  7 giant cockroaches
  10 goblins
  13 hobgoblins
  7 jackals
  12 kobolds
  4 quokkas
  5 bats
  A frilled lizard (D:1)
  7 rats
595 creatures vanquished.

Vanquished Creatures (collateral kills)
  A hydra (Lair:3)
  A meliai (Lair:3)
2 creatures vanquished.

Vanquished Creatures (others)
  A human (D:13)
  An orc priest (D:10)
2 creatures vanquished.

Grand Total: 599 creatures vanquished

Notes
Turn   | Place    | Note
-------+----------+-------------------------------------------
     0 | D:1      | James the Felid Berserker began the quest for the Orb.
     0 | D:1      | Reached XP level 1. HP: 12/12 MP: 2/2
   174 | D:1      | Reached XP level 2. HP: 11/16 MP: 3/3
   563 | D:1      | Reached XP level 3. HP: 18/20 MP: 4/4
   572 | D:1      | Reached ** piety under Trog
  1687 | D:3      | Noticed Robin
  1689 | D:3      | Reached skill level 1 in Stealth
  1738 | D:3      | Noticed Jessica
  1749 | D:2      | Killed Jessica
  1750 | D:2      | Reached skill level 2 in Stealth
  1750 | D:2      | Reached XP level 4. HP: 22/25 MP: 5/5
  1750 | D:2      | Gained a life (2 lives remaining)
  1834 | D:3      | Reached skill level 3 in Stealth
  1870 | D:3      | Killed Robin
  1973 | D:3      | Found a faded altar of an unknown god.
  2081 | D:3      | Reached *** piety under Trog
  2107 | D:3      | Reached skill level 4 in Stealth
  2221 | D:3      | Reached XP level 5. HP: 21/29 MP: 6/6
  2381 | D:3      | Found a glowing golden altar of the Shining One.
  2562 | D:4      | Noticed a phantom
  2647 | D:4      | Reached skill level 5 in Stealth
  2869 | D:4      | Reached skill level 5 in Dodging
  2883 | D:4      | Slain by a gnoll
  2883 | D:4      | Lost a life (1 life remaining)
  2908 | D:4      | Reached skill level 6 in Stealth
  2908 | D:4      | Gained mutation: You are covered in thick fur. (AC +2)
                  | [Felid growth]
  2908 | D:4      | Reached XP level 6. HP: 23/33 MP: 7/7
  3113 | D:4      | Noticed Edmund
  3132 | D:4      | Killed Edmund
  3420 | D:4      | Noticed Sigmund
  3424 | D:4      | Killed Sigmund
  3425 | D:4      | Reached skill level 5 in Unarmed Combat
  3425 | D:4      | Reached XP level 7. HP: 37/37 MP: 8/8
  3425 | D:4      | Gained a life (2 lives remaining)
  3640 | D:5      | Entered Level 5 of the Dungeon
  3906 | D:5      | Found a staircase to the Ecumenical Temple.
  4110 | D:5      | Reached **** piety under Trog
  4111 | D:5      | Reached XP level 8. HP: 42/42 MP: 9/9
  4113 | D:5      | Reached skill level 5 in Fighting
  4416 | Temple   | Entered the Ecumenical Temple
  4445 | D:5      | Reached skill level 7 in Stealth
  4478 | D:5      | Noticed Ijyb
  4916 | D:6      | Reached skill level 8 in Stealth
  5278 | D:6      | Found a hazy altar of Hepliaklqana.
  5486 | D:6      | Found a sparkling altar of Nemelex Xobeh.
  6296 | D:7      | Noticed Pikel
  6320 | D:7      | Killed Pikel
  6321 | D:7      | Reached XP level 9. HP: 34/47 MP: 10/10
  6638 | D:8      | Noticed Prince Ribbit
  6638 | D:8      | Found an ornate altar of the Wu Jian Council.
  6641 | D:8      | Killed Prince Ribbit
  6642 | D:8      | Reached skill level 10 in Unarmed Combat
  6703 | D:8      | Reached skill level 9 in Stealth
  6907 | D:8      | Reached skill level 10 in Stealth
  6958 | D:8      | Noticed Maggie
  7333 | D:8      | Noticed Gastronok
  7456 | D:8      | Found an iron altar of Okawaru.
  7456 | D:8      | Found a broken altar of Ashenzari.
  7620 | D:8      | Killed Maggie
  8154 | D:8      | Reached ***** piety under Trog
  8481 | D:9      | Found Colon's Distillery.
  8490 | D:9      | Bought a potion of resistance for 140 gold pieces
  8803 | D:9      | Found a stormy altar of Qazlal.
  8823 | D:9      | Reached XP level 10. HP: 49/53 MP: 11/11
  8878 | D:9      | Noticed a soul eater
  8885 | D:9      | Noticed a sun demon
  9257 | D:8      | Noticed Erica
  9284 | D:10     | Entered Level 10 of the Dungeon
  9595 | D:10     | Found an opulent altar of Gozag.
  9632 | D:10     | Noticed a two-headed ogre
  9713 | D:9      | Noticed a boulder beetle
  9763 | D:10     | Found a staircase to the Orcish Mines.
  9859 | D:10     | Killed a two-headed ogre
 10006 | D:9      | Reached skill level 10 in Dodging
 10315 | D:10     | Found a staircase to the Lair.
 10987 | D:9      | Reached XP level 11. HP: 60/60 MP: 12/12
 11550 | D:10     | Found a staircase to the Orcish Mines.
 11800 | D:10     | Found a staircase to the Lair.
 11904 | D:10     | Found an opulent altar of Gozag.
 12229 | D:5      | Killed Ijyb
 12660 | D:11     | Found a portal to a secret trove of treasure.
 12701 | D:11     | Noticed a rakshasa
 12704 | D:11     | Killed a rakshasa
 12780 | D:11     | Slain by a manticore
 12780 | D:11     | Lost a life (1 life remaining)
 12812 | D:11     | Reached skill level 11 in Stealth
 12825 | D:11     | Noticed a two-headed ogre
 12832 | D:11     | Killed a two-headed ogre
 12862 | D:11     | Reached skill level 12 in Stealth
 13043 | D:11     | Found Tuutail's Armour Shoppe.
 13045 | D:11     | Noticed Nergalle
 13052 | D:11     | Killed Nergalle
 13664 | Lair:1   | Entered Level 1 of the Lair of Beasts
 13740 | D:10     | Reached skill level 13 in Stealth
 14522 | Lair:1   | Reached skill level 14 in Stealth
 14522 | Lair:1   | Gained mutation: Your thick and shaggy fur keeps you warm.
                  | (AC +3, rC+) [Felid growth]
 14522 | Lair:1   | Reached XP level 12. HP: 64/64 MP: 13/13
 14522 | Lair:1   | Gained a life (2 lives remaining)
 14926 | Lair:1   | Reached skill level 15 in Stealth
 16302 | Lair:2   | Noticed Sonja
 16536 | Lair:2   | Killed Sonja
 16537 | Lair:2   | Reached skill level 16 in Stealth
 17884 | Lair:3   | Found a hole to the Spider Nest.
 18057 | Lair:3   | Slain by a meliai
 18057 | Lair:3   | Lost a life (1 life remaining)
 18439 | Lair:3   | Noticed a five-headed hydra
 18461 | Lair:2   | Reached XP level 13. HP: 70/70 MP: 14/14
 18461 | Lair:2   | Gained a life (2 lives remaining)
 19627 | Lair:4   | Reached skill level 15 in Unarmed Combat
 19861 | Lair:4   | Found a staircase to the Slime Pits.
 20265 | Lair:5   | Entered Level 5 of the Lair of Beasts
 22113 | D:8      | Killed Erica
 22114 | D:8      | Reached skill level 17 in Stealth
 22432 | D:8      | Noticed Psyche
 22491 | D:8      | Killed from afar by Gastronok
 22491 | D:8      | Lost a life (1 life remaining)
 22840 | Lair:5   | Noticed a dire elephant
 22841 | Lair:5   | Noticed a dire elephant
 23185 | Lair:5   | Reached skill level 10 in Fighting
 23295 | Lair:5   | HP: 1/105 [elephant simulacrum[a necromancer] (10)]
 23975 | Lair:5   | Killed a dire elephant
 23976 | Lair:5   | Reached XP level 14. HP: 72/77 MP: 15/15
 24084 | Lair:5   | Demolished by a dire elephant
 24084 | Lair:5   | Lost a life (0 lives remaining)
 24445 | D:12     | Identified 2 scrolls of acquirement
 24445 | D:12     | Acquired a manual of Stealth
 24455 | D:11     | Acquired a manual of Unarmed Combat
 24855 | D:12     | Reached skill level 18 in Stealth
 25194 | Orc:1    | Entered Level 1 of the Orcish Mines
 25311 | D:10     | Reached skill level 19 in Stealth
 25445 | Orc:2    | Entered Level 2 of the Orcish Mines
 25708 | Orc:1    | Found Zarphat's Magic Scroll Shop.
 25970 | Orc:1    | Reached skill level 20 in Stealth
 26193 | Orc:1    | Noticed an orc warlord
 26235 | Orc:2    | HP: 2/77 [warg[an orc warlord] (21)]
 26800 | Orc:2    | Killed an orc warlord
 26801 | Orc:2    | Reached skill level 21 in Stealth
 27142 | Orc:2    | Found a staircase to the Elven Halls.
 27410 | Orc:2    | Reached skill level 22 in Stealth
 27471 | Orc:2    | Found Was Miont's General Store.
 27477 | Orc:2    | Bought a scroll of blinking for 97 gold pieces
 28726 | Orc:2    | Found Zoimiha's Book Emporium.
 28726 | Orc:2    | Found Ofytayng's Antique Weapon Boutique.
 28728 | Orc:2    | Found Nyaloola's Distillery.
 28730 | Orc:2    | Found Zoghit's Magic Scroll Shoppe.
 28973 | Orc:2    | Found Was Miont's General Store.
 29050 | Orc:2    | Found a staircase to the Elven Halls.
 29421 | Orc:2    | Found Ofytayng's Antique Weapon Boutique.
 29421 | Orc:2    | Found Zoimiha's Book Emporium.
 29423 | Orc:2    | Found Zoghit's Magic Scroll Shoppe.
 29425 | Orc:2    | Found Nyaloola's Distillery.
 29881 | D:13     | Noticed Urug
 29881 | D:13     | Found a gate to the Vaults.
 30230 | D:13     | Killed Urug
 30747 | D:13     | Reached XP level 15. HP: 80/80 MP: 16/16
 31256 | D:13     | Found a gate to the Vaults.
 31996 | D:14     | Found an ornate altar of the Wu Jian Council.
 32295 | D:14     | Shot with an arrow by a centaur warrior

Illustrated notes

Levels and vault maps discovered:
D:1:      nzn_arrival_crosshair, layout_basic, minivault_5, nrook_campfire
D:2:      layout_basic, minmay_worlds_worst_comb
D:3:      layout_rooms, tso_metal_star, chequers_ecumenical_altar_simple,
          serial_bayou_lake_a, uniq_robin, uniq_jessica
D:4:      layout_loops_ring, corexii_checkpoint, uniq_edmund, uniq_sigmund
D:5:      layout_basic, temple_fountains, uniq_ijyb
D:6:      layout_loops_ring, nemelex_spade_bored_becter,
          mainiacjoe_overflow_cross_hatched
D:7:      layout_rooms, uniq_pikel
D:8:      nicolae_whirlpool, layout_gridville, gammafunk_temple_overflow_statue,
          mainiacjoe_overflow_catwalk, grunt_decor_mini_mirrors,
          due_unseen_surprise, uniq_gastronok, uniq_maggie, uniq_erica,
          uniq_prince_ribbit1, uniq_psyche
D:9:      layout_loops_corners, nicolae_qazlal_scattered_showers, serial_shops,
          nicolae_lakefront_shop, minmay_radiant
D:10:     layout_loops_ring, kennysheep_mini_moat, david_lair_shrubbed,
          erik_orc_4, minmay_misc_feat_cross
D:11:     layout_basic, serial_shops, nicolae_shop_advertising_works
          [nicolae_subvault_shop_adworks], nicolae_trove_entry_free_sample,
          uniq_nergalle
D:12:     layout_gridville
D:13:     layout_irregular_city, david_vaults_3, minmay_microvault
D:14:     regret_index_reflect_refract, layout_grid_maze,
          nzn_wu_jian_council_hall
Temple:   nicolae_temple_superstar
Lair:1:   layout_roguey, grunt_megastairs_1
Lair:2:   layout_gridlike, minmay_swamp_entry_eels,
          nicolae_quartered_pool_little, serial_bayou_pond_c,
          cheibrodos_lair_lostbears, lemuel_fruit_fields, uniq_sonja
Lair:3:   layout_layer_cave, hellmonk_spider_entry_not_the_bees,
          dreamdust_gnoll_shepherd, infiniplex_staircase_pool_2
Lair:4:   layout_hall_layers, slime_entry_1
Lair:5:   due_jungle_book, layout_cave_pods, lemuel_old_faithful
Orc:1:    layout_diamond_mine, serial_shops, nicolae_shop_stone, basic_altar
Orc:2:    st_orc_rangers, layout_diamond_mine, serial_shops,
          nicolae_shop_rolling_square, nicolae_orc_tapped_out

Skill      XL: |  1  2  3  4  5  6  7  8  9 10 11 12 13 14 |
---------------+-------------------------------------------+-----
Unarmed Combat | 4 5 7 9 10 12 13 14 16 19 | 19.9
Fighting       | 4 5 6 8 9 10 | 10.0
Stealth        | 2 4 6 8 10 14 16 17 22 | 22.0
Dodging        | 5 6 7 8 10 12 14 | 14.3

Action                     |  1- 3 |  4- 6 |  7- 9 | 10-12 | 13-15 || total
---------------------------+-------+-------+-------+-------+-------++-------
  Melee: Unarmed           |   107 |   139 |   296 |   609 |   853 ||  2004
         Bite              |     4 |     9 |    41 |    73 |   135 ||   262
         Punch             |     5 |     3 |    14 |    55 |    82 ||   159
 Invoke: Berserk           |       |     2 |     5 |     9 |    14 ||    30
         Brothers in Arms  |       |       |       |     2 |     1 ||     3
         Trog's Hand       |       |       |       |       |     1 ||     1
  Evoke: Wand              |       |       |       |     4 |       ||     4
    Use: Scroll            |       |       |    11 |     5 |    15 ||    31
         Potion            |       |       |       |       |     2 ||     2
   Stab: Sleeping          |     6 |    11 |    23 |    32 |    38 ||   110
         Distracted        |     1 |       |     1 |     2 |     7 ||    11
 Armour: Skin              |    23 |    47 |    76 |   171 |   292 ||   609
  Dodge: Dodged            |    77 |   102 |   210 |   459 |   851 ||  1699
  Block: Other             |       |       |    22 |    93 |   102 ||   217
         Reflection        |       |       |     4 |     2 |    29 ||    35
